 Dungeon Crawl Stone Soup version 0.31-a0-152-g6aa68a64a1 (webtiles) character file.

Game seed: 9008377510529328869

45 qw the Shooter (level 3, -2/32 HPs)
             Began as a Naga Hunter on June 10, 2023.
             Killed by divine providence
             ... invoked by an orc priest
              (11 damage)
             ... on level 2 of the Dungeon.
             The game lasted 00:00:23 (979 turns).

qw the Shooter (Naga Hunter)                         Turns: 979, Time: 00:00:23

Health: -2/32      AC:  2    Str: 13    XL:     3   Next: 64%
Magic:  3/3        EV:  9    Int:  9    God:
Gold:   98         SH:  0    Dex: 16    Spells: 2/2 levels left

rFire   . . .        Y - +0 shortbow
rCold   . . .        (shield currently unavailable)
rNeg    . . .        c - +0 leather armour
rPois   +            (no helmet)
rElec   .            (no cloak)
rCorr   .            (no gloves)
SInv    +            (no barding)
Will    .....        (no amulet)
Stlth   +            (no ring)
HPRegen 0.25/turn    (no ring)
MPRegen 0.08/turn

%: no passive effects
@: confused, very slow
A: AC +1, large, see invisible, deformed body, poison resistance, slowness 2,
spit poison 1, naga tail 1
a: Spit Poison


You were on level 2 of the Dungeon.
You visited 1 branch of the dungeon, and saw 2 of its levels.

You collected 98 gold pieces.


Innate Abilities, Weirdness & Mutations

Your serpentine skin is tough. (AC +1)
You have supernaturally acute eyesight. (SInv)
Armour fits poorly on your strangely shaped body.
Your system is resistant to poisons. (rPois)
You cover ground very slowly.
You can spit poison.
You have a snake-like lower body.


   Skills:
 - Level 2.0 Fighting
 + Level 4.8 Ranged Weapons
 - Level 1.5 Dodging
 - Level 1.5 Stealth


You had 2 spell levels left.
You didn't know any spells.
Your spell library was empty.

Inventory:

Hand Weapons
 Y - a +0 shortbow (weapon)
Armour
 c - a +0 leather armour (worn)
Scrolls
 b - a scroll of enchant weapon {unknown}
 h - 4 scrolls of identify
Potions
 a - a potion of enlightenment {unknown}
 e - a potion of curing {unknown}

Dungeon Overview and Level Annotations

Branches:
Dungeon (2/15)

Altars:


Message History

Aiming: Spit Poison (2% risk of failure)
Press: ? - help, Shift-Dir - straight line, f/p - orc wizard The splash of poison misses the orc wizard.
An orc comes into view. It is wielding a +0 club.
You shoot an arrow. The arrow barely misses the orc wizard.
The orc shouts!
The orc wizard points at you and mumbles some strange words.
The puff of flame hits you.
You shoot an arrow.
The arrow hits the orc wizard but does no damage.
The orc wizard is moderately wounded.
An orc comes into view. It is wielding a +0 hand axe.
You shoot an arrow.
The arrow closely misses the orc wizard.
The orc shouts!
The arrow hits the orc.
The orc is severely wounded.
You hear a shout!
The orc wizard casts a spell at you. The puff of flame hits you!
An orc priest comes into view. It is wielding a +0 hand axe.
You shoot an arrow.
The arrow closely misses the orc wizard.
The arrow hits the orc!
You kill the orc!
You have got your breath back.
The orc wizard gestures at you while chanting.
You are confused.
An orc wizard comes into view. It is wielding a +0 dagger.
The orc wizard hits you with a +3 dagger.
The orc wizard gestures at you while chanting.
You are more confused.
The orc wizard hits you with a +3 dagger.
The orc wizard barely misses you.
The orc wizard casts a spell.
The orc wizard flickers and vanishes for a moment.
The orc wizard hits you with a +3 dagger.
The orc priest invokes the aid of Beogh against you.
Beogh smites you!
You die...

#.#####.####
## #.# #.#
.. #.# #.#
#. #.# #.#
##.## #.#
#.# #....
#.## #.#
##...# #..#
### #.....
##.# #...%.
#@# #.....
#o# ##...#
#o# #....<
#o# #.....
#o# #.....
#.. ###.##
##$
########.# .
#.....##.##
#.....##..#


You could see an orc priest, 2 orc wizards and an orc.

Vanquished Creatures
  An adder (D:2)
  A dart slug (D:1)
  An orc (D:2)
  4 bats
  3 endoplasms
  2 giant cockroaches (D:1)
  3 goblins (D:1)
  3 hobgoblins
  2 quokkas
  2 ball pythons (D:1)
  2 frilled lizards (D:2)
  4 kobolds
  3 rats
31 creatures vanquished.

Notes
Turn   | Place    | Note
-------+----------+-------------------------------------------
     0 | D:1      | qw the Naga Hunter began the quest for the Orb.
     0 | D:1      | Reached XP level 1. HP: 19/19 MP: 1/1
     0 | D:1      | 0 ||| qw: Version: 0.2-a-123-gb51047a
     0 | D:1      | 0 ||| qw: Game counter: 3692
     0 | D:1      | 0 ||| qw: Always use a shield: true
     0 | D:1      | 0 ||| qw: God list: Okawaru
     0 | D:1      | 0 ||| qw: Allow faded altars: false
     0 | D:1      | 0 ||| qw: Do Orc after D:15 true
     0 | D:1      | 0 ||| qw: Do second Lair branch before Depths: true
     0 | D:1      | 0 ||| qw: Lair rune preference: random
     0 | D:1      | 0 ||| qw: Plans: Normal
     0 | D:1      | 0 ||| PLANNING D:1-11
    63 | D:1      | 63 ||| INVOKING Spit Poison.
    73 | D:1      | 73 ||| INVOKING Spit Poison.
   110 | D:1      | Reached skill level 4 in Ranged Weapons
   110 | D:1      | Reached XP level 2. HP: 26/26 MP: 2/2
   134 | D:1      | 134 ||| INVOKING Spit Poison.
   182 | D:1      | 182 ||| INVOKING Spit Poison.
   201 | D:1      | 201 ||| INVOKING Spit Poison.
   217 | D:1      | 217 ||| INVOKING Spit Poison.
   249 | D:1      | 249 ||| INVOKING Spit Poison.
   268 | D:1      | 268 ||| INVOKING Spit Poison.
   273 | D:1      | 273 ||| INVOKING Spit Poison.
   278 | D:1      | 278 ||| INVOKING Spit Poison.
   285 | D:1      | 285 ||| INVOKING Spit Poison.
   311 | D:1      | 311 ||| INVOKING Spit Poison.
   463 | D:1      | 463 ||| READING scroll labelled HORROYGHUI.
   464 | D:1      | 464 ||| READING scroll labelled XEUKAN ABIGOA.
   465 | D:1      | 465 ||| READING 2 scrolls labelled EGAIN YGUSE.
   466 | D:1      | 466 ||| DRINKING 2 dark potions.
   511 | D:1      | 511 ||| DROPPING scroll of butterflies.
   512 | D:1      | 512 ||| DROPPING potion of lignification.
   536 | D:2      | 536 ||| INVOKING Spit Poison.
   551 | D:2      | 551 ||| INVOKING Spit Poison.
   553 | D:2      | Reached XP level 3. HP: 32/32 MP: 3/3
   559 | D:2      | 559 ||| INVOKING Spit Poison.
   571 | D:2      | 571 ||| INVOKING Spit Poison.
   575 | D:2      | 575 ||| INVOKING Spit Poison.
   623 | D:2      | 623 ||| FLEEEEING.
   624 | D:2      | 624 ||| FLEEEEING.
   645 | D:2      | 645 ||| INVOKING Spit Poison.
   732 | D:2      | 732 ||| INVOKING Spit Poison.
   743 | D:2      | 743 ||| INVOKING Spit Poison.
   969 | D:2      | 969 ||| INVOKING Spit Poison.
   979 | D:2      | Killed from afar by an orc priest

Levels and vault maps discovered:
D:1:      saegor_arrival_simple_c, layout_rooms, hangedman_decor_push,
          serial_bayou_pond_d
D:2:      layout_loops_ring, kennysheep_generic_room_9, uniq_sigmund

Skill      XL: |  1 |
---------------+----+-----
Ranged Weapons | 4 |  4.8
Fighting       | |  2.0
Dodging        | |  1.5
Stealth        | |  1.5

Action                     || total
---------------------------++-------
   Fire: Shortbow          ||    46
Ability: Spit Poison       ||    21
    Use: Scroll            ||     3
         Potion            ||     1
 Armour: Leather armour    ||     4
  Dodge: Dodged            ||     9

Table legend:
 A = Non-vault XP
 B = Vault XP
 C = Vault XP percentage of total XP
 D = Non-vault monster count
 E = Vault monster count
 F = Vault count percentage of total count
                 A         B        C        D         E       F
            +---------+---------+-------+---------+---------+-------
      Total |      65 |       0 |   0.0 |      31 |       0 |   0.0
            +---------+---------+-------+---------+---------+-------
        D:1 |      30 |       0 |   0.0 |      17 |       0 |   0.0
        D:2 |      35 |       0 |   0.0 |      14 |       0 |   0.0
            +---------+---------+-------+---------+---------+-------
